AoeStats
← Luciano24cm

Black Forest

510406514Analyzed
4v4 RM · 17h ago on Sep 30, 2026· 67m 20s· 8 players
Game mode
Random Map
Map size
Large (8 player)
Population
200
Speed
Normal
Resources
Standard
Victory
Conquest
Starting age
Dark Age
Ending age
Imperial Age
RankedLock teamsTeams togetherTeam positionsShared explorationLock speedFull tech treeHidden civsTurbo modeCheats
Victory
Defeat
🇬🇧 Franks · United Kingdom
729
+13
🇹🇷 Vietnamese · Türkiye
708
+14
🇲🇽 Persians · Mexico
559
+20
🇪🇬 Britons · Egypt
478
+22
🇺🇸 Danes · United States
709
-20
🇦🇷 Poles · Argentina
644
-17
🇩🇴 Persians · Dominican Republic
622
-16
🇨🇱 Persians · Chile
610
-16
victordelarosac
0:52 Loom
21:34 Feudal Age
iBita
1:23 Loom
18:34 Feudal Age
27:12 Man-at-Arms
29:09 Double-Bit Axe
Luciano24cm
2:28 Loom
9:24 Feudal Age
9:50 Double-Bit Axe
15:29 Horse Collar
19:05 Castle Age
17:17 Horse Collar
17:39 Gold Mining
18:45 Stone Mining
20:16 Bow Saw
25:19 Fervor
32:13 Imperial Age
30:20 Wheelbarrow
29:37 Town Watch
30:29 Town Patrol
30:30 Heavy Plow
31:43 Hand Cart
32:36 Stone Shaft Mining
33:14 Coinage
33:33 Crop Rotation
32:35 Elite Obuch
33:31 Forging
33:21 Scale Mail Armor
33:27 Scale Barding Armor
33:12 Fletching
33:23 Padded Archer Armor
34:59 Iron Casting
35:08 Squires
34:54 Arson
36:23 Chain Mail Armor
36:28 Chain Barding Armor
36:04 Bodkin Arrow
39:35 Blast Furnace
39:45 Banking
39:16 Caravan
39:34 Szlachta Privileges
39:50 Lechitic Legacy
39:53 Conscription
39:04 Sappers
40:29 Plate Mail Armor
40:14 Leather Archer Armor
41:16 Hoardings
41:04 Bracer
52:18 Fortified Wall
52:15 Murder Holes
52:48 Ballistics
53:28 Chemistry
53:50 Clinker Construction
53:51 Careening
55:44 Masonry
58:06 Carvel Hull
59:06 Siege Engineers
58:52 Guard Tower
58:48 Arrowslits
59:25 Bombard Tower
58:46 Treadmill Crane
59:17 Masonry
61:32 Keep
djerlin22
0:50 Loom
13:52 Feudal Age
16:09 Horse Collar
16:23 Double-Bit Axe
24:24 Castle Age
26:21 Scale Barding Armor
28:03 Wheelbarrow
27:46 Bloodlines
robertosminor89
1:37 Loom
13:49 Feudal Age
16:19 Wheelbarrow
15:38 Double-Bit Axe
22:22 Horse Collar
24:34 Gold Mining
24:34 Stone Mining
27:22 Bloodlines
31:46 Castle Age
31:52 Forging
31:42 Scale Mail Armor
31:49 Scale Barding Armor
32:29 Husbandry
33:13 Hand Cart
33:21 Bow Saw
46:30 Gold Shaft Mining
46:31 Stone Shaft Mining
45:59 Heavy Plow
46:27 Pikeman
47:07 Squires
46:53 Arson
47:50 Iron Casting
47:44 Chain Mail Armor
47:49 Chain Barding Armor
47:25 Fletching
47:35 Padded Archer Armor
49:00 Light Cavalry
54:39 Ballistics
56:58 Imperial Age
56:43 Capped Ram
59:26 Siege Ram
59:36 Cavalier
59:37 Hussar
60:11 Heavy Scorpion
62:04 Caravan
62:35 Coinage
62:16 Guilds
63:08 Savar
67:18 Plate Mail Armor
67:49 Blast Furnace
67:24 Plate Barding Armor
68:28 Two-Man Saw
Roars
4:25 Loom
14:49 Feudal Age
16:37 Wheelbarrow
16:53 Double-Bit Axe
29:41 Castle Age
27:35 Gold Mining
30:49 Hand Cart
30:47 Bow Saw
33:36 Pikeman
34:17 Squires
33:57 Elite Skirmisher
38:57 Ballistics
43:25 Imperial Age
44:18 Elite Throwing Axeman
44:52 Crossbowman
46:58 Chemistry
46:33 Stone Mining
47:19 Gold Shaft Mining
47:54 Fortified Wall
52:26 Hoardings
51:44 Arrowslits
samko.keta
9:23 Feudal Age
9:58 Double-Bit Axe
11:15 Gold Mining
12:10 Horse Collar
14:33 Wheelbarrow
17:13 Stone Mining
21:43 Castle Age
23:36 Treadmill Crane
26:45 Fervor
27:18 Yeomen
29:16 Ballistics
29:02 Murder Holes
29:19 Masonry
34:54 Imperial Age
32:19 Fletching
32:29 Padded Archer Armor
34:20 Loom
34:50 Hand Cart
34:20 Town Watch
38:19 Conscription
38:02 Bodkin Arrow
38:23 Leather Archer Armor
39:09 Gold Shaft Mining
38:46 Bow Saw
38:42 Heavy Plow
39:02 Bracer
40:18 Town Patrol
45:06 Elite Longbowman
48:57 Chemistry
48:04 Siege Engineers
48:30 Architecture
48:12 Fortified Wall
47:53 Guard Tower
47:50 Arrowslits
51:58 Guilds
58:27 Keep
62:26 Two-Man Saw
67:09 Spies/Treason
mrBoombastic
0:36 Loom
20:53 Feudal Age
21:17 Horse Collar
21:27 Double-Bit Axe
22:03 Man-at-Arms
25:44 Arson
32:22 Castle Age
32:30 Stone Mining
32:31 Gold Mining
32:33 Elite Skirmisher
32:36 Long Swordsman
34:03 Stone Shaft Mining
34:24 Town Watch
35:15 Wheelbarrow
35:24 Caravan
36:53 Bow Saw
36:50 Heavy Plow
38:06 Murder Holes
37:53 Treadmill Crane
43:57 Coinage
46:51 Imperial Age
46:00 Heated Shot
46:21 Masonry
46:53 Padded Archer Armor
46:44 Fletching
49:32 Chemistry
48:39 Siege Engineers
48:56 Ballistics
48:23 Arrowslits
50:06 Two-Man Saw
49:49 Crop Rotation
50:20 Imperial Skirmisher
51:14 Elite Rattan Archer
51:59 Chatras
52:31 Sappers
54:01 Paper Money
55:04 Hoardings
55:13 Leather Archer Armor
54:54 Bodkin Arrow
54:59 Scale Mail Armor
55:10 Forging
56:37 Hand Cart
56:22 Town Patrol
57:57 Ring Archer Armor
57:27 Bracer
57:43 Chain Mail Armor
60:21 Banking
60:01 Guilds
61:13 Scale Barding Armor
61:39 Plate Mail Armor
61:44 Iron Casting
63:49 Elite Battle Elephant
Connection lost

Rejoining the realm…

Still unreachable

The connection could not be restored.

Session expired

The server has moved on; the page needs a fresh start.